 Dungeon Crawl Stone Soup version 0.27.0-1-g7a089689b8 (webtiles) character file.

Game seed: 946573873691109448

287 Descartes the Ruffian (level 6, -6/47 HPs)
             Began as a Demonspawn Chaos Knight on Aug 10, 2021.
             Was a Plaything of Xom.
             Killed by divine providence
             ... invoked by an orc priest
              (17 damage)
             ... on level 4 of the Dungeon.
             The game lasted 00:06:29 (4288 turns).

Descartes the Ruffian (Demonspawn Chaos Knight)     Turns: 4288, Time: 00:06:31

Health: -6/47      AC:  7    Str: 11    XL:     6   Next: 8%
Magic:  6/6        EV: 12    Int: 15    God:    Xom [.*....]
Gold:   100        SH:  0    Dex: 12    Spells: 5/5 levels left

rFire    . . .     SeeInvis .     - Unarmed
rCold    . . .     Faith    .   (no shield)
rNeg     . . .     Spirit   .   a - +2 leather armour
rPois    .         Reflect  .   (no helmet)
rElec    .         Harm     .   (no cloak)
rCorr    .         Rampage  .   (no gloves)
Will     .....                  (no boots)
Stlth    +.........             (no amulet)
HPRegen  0.15/turn              (no ring)
MPRegen  0.10/turn              (no ring)

@: no status effects
A: hooves 1, icy blue scales 1, weak 1
a: Renounce Religion


You were on level 4 of the Dungeon.
You worshipped Xom.
You were a plaything of Xom.
You visited 1 branch of the dungeon, and saw 4 of its levels.

You collected 130 gold pieces.
You spent 30 gold pieces at shops.

Inventory:

Hand Weapons
 o - a +0 dagger of venom
Missiles
 c - 94 stones (quivered)
 j - 17 arrows
 n - 8 boomerangs
 q - 17 bolts
 u - 31 sling bullets
Armour
 a - a +2 leather armour (worn)
Wands
 s - a wand of iceblast (4)
Scrolls
 b - 3 scrolls of teleportation
 e - a scroll of magic mapping {unknown}
 f - 2 scrolls of identify {unknown}
 h - a scroll of immolation {unknown}
 k - a scroll of blinking {unknown}
 r - a scroll of brand weapon {unknown}
Potions
 d - 3 potions of flight {unknown}
 g - a potion of haste {unknown}
 i - a potion of cancellation {unknown}
 l - a potion of ambrosia {unknown}
 m - a potion of curing
 p - a potion of might {unknown}
 t - a potion of brilliance {unknown}


   Skills:
 - Level 3.0 Fighting
 + Level 3.6 Armour
 + Level 3.2 Dodging
 + Level 4.2 Unarmed Combat


You had 5 spell levels left.
You didn't know any spells.
Your spell library contained the following spells:

 Spells                   Type           Power      Damage    Failure   Level
 Corona                   Hex            0%         N/A       34%         1
 Ensorcelled Hibernation  Hex/Ice        0%         N/A       45%         2
 Passwall                 Tmut/Erth      0%         N/A       45%         2
 Swiftness                Air            0%         N/A       71%         3
 Tukima's Dance           Hex            0%         N/A       71%         3
 Conjure Ball Lightning   Conj/Air       0%         3x3d6     100%        6
 Invisibility             Hex            0%         N/A       100%        6
 Discord                  Hex            0%         N/A       100%        8
 Disjunction              Tloc           0%         N/A       100%        8


Dungeon Overview and Level Annotations

Branches:
Dungeon (4/15)
 Temple: D:4-7

Altars:
Fedhas

Shops:
D:2 !!(!   D:3 (([


Innate Abilities, Weirdness & Mutations

You have large cloven feet.
You are partially covered in icy blue scales. (AC +2)
You are weak. (Str -2)


Message History

The helpless orc fails to defend itself.
You punch the orc! Your kick misses the orc.
The orc is almost dead.
The goblin shouts!
The orc shouts! x2
The goblin barely misses you. The bullfrog barely misses you.
The orc closely misses you.
The bullfrog hits you but does no damage.
An endoplasm comes into view.
Xom's power touches on your mind for a moment.
You are confused.
You are now a plaything of Xom.
The bullfrog misses you. "Let it end in hellfire!"
The bullfrog is outlined in light.
The orc is outlined in light.
The endoplasm is outlined in light.
You bump into the rock wall.
The bullfrog misses you. The bullfrog barely misses you.
You bump into the rock wall.
The bullfrog hits you but does no damage.
You bump into the rock wall.
The bullfrog hits you.
The orc priest mumbles some strange prayers to Beogh against you.
Beogh smites you!
The bullfrog hits you but does no damage.
You're too confused to move!
The bullfrog barely misses you.
You barely miss the bullfrog. You kick the bullfrog.
The bullfrog is lightly wounded.
The bullfrog hits you.
You closely miss the bullfrog. Your kick misses the bullfrog.
The bullfrog is lightly wounded.
The bullfrog hits you!
* * * LOW HITPOINT WARNING * * *
The bullfrog hits you.
* * * LOW HITPOINT WARNING * * *
You hit the bullfrog. You kick the bullfrog.
The bullfrog is heavily wounded.
You feel less confused.
The orc priest mumbles some strange prayers to Beogh against you.
Beogh smites you!
You die...
Xom is highly amused!

#..⌠...### ##........#
#.......... ##........⌠.
#.o.......^. #
##J⌠.......!# .
#oo.........# .
#F#o.......## ...#
#@###...⌠.)# ...##
#...###...## ≈...#
..⌠...###.# ≈...#
#........### ≈≈..#
........[†.# ≈≈..#
#........⌠.## ≈≈..# ##
...........#
≈...######.##.⌠........##
≈.#....................#


You could see a bullfrog (corona), an orc priest, 2 orcs and an endoplasm
(corona).

Vanquished Creatures
  A black bear (D:4)
  A scorpion (D:4)
  A hound (D:4)
  4 adders
  An adder skeleton (D:4)
  A worm (D:2)
  4 dart slugs
  An orc (D:3)
  5 bats
  5 endoplasms
  2 giant cockroaches
  8 goblins
  4 hobgoblins
  A jackal (D:2)
  4 quokkas
  9 ball pythons
  5 frilled lizards
  3 kobolds
  A rat (D:2)
61 creatures vanquished.

Vanquished Creatures (others)
  18 plants
18 creatures vanquished.

Grand Total: 79 creatures vanquished

Notes
Turn   | Place    | Note
-------+----------+-------------------------------------------
     0 | D:1      | Descartes the Demonspawn Chaos Knight began the quest for
                  | the Orb.
     0 | D:1      | Reached XP level 1. HP: 18/18 MP: 1/1
    23 | D:1      | Reached skill level 1 in Dodging
    90 | D:1      | XOM: silly message
   113 | D:1      | Found a faded altar of an unknown god.
   284 | D:1      | XOM: butterfly on damage
   530 | D:1      | Gained mutation: You have large cloven feet. [demonic
                  | ancestry]
   530 | D:1      | Reached XP level 2. HP: 20/24 MP: 2/2
   600 | D:1      | Reached skill level 3 in Unarmed Combat
  1100 | D:2      | Gained mutation: You are partially covered in icy blue
                  | scales. (AC +2) [demonic ancestry]
  1100 | D:2      | Reached XP level 3. HP: 29/29 MP: 3/3
  1107 | D:2      | XOM: noise
  1174 | D:2      | XOM: 4-stop teleportation journey
  1223 | D:2      | Found Rahen's Weapon Shop.
  1275 | D:2      | Found Zifif's Distillery.
  1317 | D:2      | XOM: 4-stop teleportation journey
  1377 | D:2      | Found Tujuo's Distillery.
  1424 | D:2      | Bought a potion of curing for 30 gold pieces
  1620 | D:2      | Reached XP level 4. HP: 33/35 MP: 4/4
  1663 | D:2      | Found Tamaf's Distillery.
  1702 | D:2      | XOM: noise
  1879 | D:2      | XOM: silly message
  1911 | D:2      | XOM: chaos cloud
  2015 | D:3      | Found Ureuruacu's Antique Weapon Emporium.
  2140 | D:3      | Found Cig Bosh's Armour Boutique.
  2210 | D:3      | Found Nerronov's Antique Weapon Shoppe.
  2990 | D:4      | Noticed a black bear
  3015 | D:4      | XOM: swap monsters
  3016 | D:4      | XOM: noise
  3026 | D:4      | XOM: silly message
  3027 | D:4      | XOM: confusion
  3028 | D:4      | XOM: give mutation
  3028 | D:4      | Gained mutation: You are weak. (Str -2) [Xom's mischief]
  3035 | D:4      | XOM: noise
  3290 | D:4      | XOM: enchant monster (bad)
  3299 | D:4      | Killed a black bear
  3300 | D:4      | Reached XP level 5. HP: 10/41 MP: 5/5
  3446 | D:4      | XOM: 5-stop teleportation journey
  3480 | D:4      | Reached skill level 4 in Unarmed Combat
  3498 | D:4      | XOM: smoke on damage
  3498 | D:4      | XOM: torment (12/41 hp)
  3574 | D:4      | XOM: summons 2 hostile shadow creatures
  3672 | D:4      | XOM: summons 3 hostile demons
  3920 | D:4      | XOM is BORED!
  3920 | D:4      | XOM: summons 3 hostile demons
  4188 | D:4      | Found a blossoming altar of Fedhas.
  4232 | D:4      | Reached XP level 6. HP: 28/47 MP: 6/6
  4275 | D:4      | XOM: 2-stop teleportation journey
  4280 | D:4      | XOM: confusion
  4281 | D:4      | XOM: fake destruction
  4288 | D:4      | Killed from afar by an orc priest

Illustrated notes

Levels and vault maps discovered:
D:1:      tarquinn_simple_flora_water_a, layout_loops_ring,
          shapermc_ecumenical_altar_pompeii, minmay_cut_off
D:2:      layout_loops_ring, serial_shops, shop, nicolae_lakefront_shop,
          nicolae_shop_stone, nicolae_shop_waterfront, serial_glass,
          glass_columns_a, glass_columns_a, glass_columns_a,
          minmay_strange_pillars, feat_on_display, item_on_display_a,
          st_stairs_6
D:3:      layout_loops_cross, serial_shops, shop, shop, nicolae_shop_crystal,
          grunt_decor_clamped, minmay_misc_feat_cross, kennysheep_boxes
D:4:      minmay_skewed_foursquare, layout_cave_pods, fedhas_ov_isle_minmay,
          minmay_misc_feat_room

Skill      XL: |  1  2  3  4  5 |
---------------+----------------+-----
Dodging        | 1 2 3 |  3.2
Armour         | 2 3 |  3.6
Unarmed Combat | 3 4 |  4.2
Fighting       | |  3.0

Action                   |  1- 3 |  4- 6 || total
-------------------------+-------+-------++-------
Melee: Unarmed           |   138 |   212 ||   350
       Kick              |    21 |    52 ||    73
       Punch             |       |     1 ||     1
  Use: Scroll            |       |     1 ||     1
 Stab: Sleeping          |       |     2 ||     2
Armor: Leather armour    |    54 |   113 ||   167
Dodge: Dodged            |    93 |   201 ||   294
